 Dungeon Crawl Stone Soup version 0.20.1-1-g8b1a95d (webtiles) character file.

50 Crag the Cutter (level 4, 0/29 HPs)
             Began as a Halfling Gladiator on Oct 21, 2017.
             Slain by Terence
             ... wielding a +0 hand axe
              (5 damage)
             ... on level 3 of the Dungeon.
             The game lasted 00:04:52 (2045 turns).

Crag the Cutter (Halfling Gladiator)                Turns: 2045, Time: 00:04:52

Health: 0/29       AC:  7    Str: 17    XL:     4   Next: 4%
Magic:  4/4        EV: 12    Int:  6    God:
Gold:   123        SH:  4    Dex: 16    Spells: 3/3 levels left

rFire    + . .     SeeInvis .   m - -1 short sword (curse)
rCold    . . .     Gourm    .   h - +0 buckler
rNeg     . . .     Faith    .   q - +2 leather armour {rF+}
rPois    .         Spirit   .   c - +0 helmet
rElec    .         Reflect  .   (no cloak)
rCorr    .         Harm     .   (no gloves)
MR       .....     Clarity  +   k - +0 pair of boots
Stlth    ..........             p - amulet of rage
Regen    0.1/turn               o - -3 ring of evasion (curse)
MPRegen  0.1/turn               t - ring of loudness (curse)

@: no status effects
A: clarity, mutation resistance 1, strong 1
a: Evoke Berserk Rage


You were on level 3 of the Dungeon.
You were hungry.

You visited 1 branch of the dungeon, and saw 3 of its levels.

You collected 123 gold pieces.

Inventory:

Hand Weapons
 a - a +0 rapier
 m - a cursed -1 short sword (weapon)
Missiles
 d - 3 throwing nets (quivered)
Armour
 b - a +0 leather armour
 c - a +0 helmet (worn)
 h - a +0 buckler (worn)
 k - a +0 pair of boots (worn)
 q - a +2 leather armour of fire resistance (worn)
Jewellery
 o - a cursed -3 ring of evasion (left hand)
 p - an amulet of rage (around neck)
 r - an uncursed ring of ice
 s - an uncursed ring of protection from fire
 t - a cursed ring of loudness (right hand)
Scrolls
 n - 2 scrolls of identify
Potions
 e - 2 potions of curing
 g - a potion of haste
 i - a potion of heal wounds {unknown}
 l - 2 potions of might
Comestibles
 f - 3 bread rations
 j - a meat ration


   Skills:
 - Level 1.7 Fighting
 + Level 4.9 Short Blades
 - Level 2.0 Throwing
 + Level 0.9 Armour
 + Level 3.8 Dodging


You had 3 spell levels left.
You didn't know any spells.

Dungeon Overview and Level Annotations

Branches:
Dungeon (3/15)

Altars:

Annotations:
D:3 Terence


Innate Abilities, Weirdness & Mutations

You are small and have problems with some larger weapons.
You are somewhat resistant to further mutation.
You possess an exceptional clarity of mind.
Your muscles are strong. (Str +2)


Message History

You closely miss Terence.
Terence is almost dead.
The rat bites you. Terence closely misses you.
You closely miss Terence.
Terence is almost dead.
The rat barely misses you.
Your leather armour prevents you from hitting Terence.
Terence is almost dead.
Terence barely misses you. The rat bites you.
* * * LOW HITPOINT WARNING * * *
You closely miss Terence.
Terence is almost dead.
Terence hits you with a hand axe.
* * * LOW HITPOINT WARNING * * *
The rat closely misses you.
You closely miss Terence.
Terence is almost dead.
Terence is no longer unusually resistant.
Terence hits you with a hand axe.
You die...

#############*************
#............,,,,,,,,,,,,*
#.###.######*******,****,, #.#
#.# *,* *** #.# #.# *,* ##.###.##
*,* ##...##..######## *,*
#.....#...@@....# *,******
######........##r....####*,,,,,,,
...........##.##.........,,,,,,**
######.....##.##.....###.*****,,,
***#.#.#...........# *,* *,**
*,.....#......######**,* *,**
#.##.###........,,,,,,,* *,**
**#,*#.# ##(..?.##*****,,* *,*
,,,,,..# #.....# *,,* *,*


You could see Terence and a rat.

Vanquished Creatures
  An ooze (D:2)
  A worm (D:2)
  A dart slug (D:1)
  A giant cockroach (D:1)
  6 goblins
  8 hobgoblins
  3 jackals (D:1)
  A quokka (D:2)
  A ball python (D:1)
  A bat (D:1)
  3 frilled lizards (D:1)
  6 kobolds
  6 rats (D:1)
39 creatures vanquished.

Notes
Turn   | Place    | Note
-------+----------+-------------------------------------------
     0 | D:1      | Crag the Halfling Gladiator began the quest for the Orb.
     0 | D:1      | Reached XP level 1. HP: 14/14 MP: 1/1
   367 | D:1      | Reached XP level 2. HP: 19/19 MP: 2/2
   376 | D:1      | Reached skill level 4 in Short Blades
   637 | D:1      | Reached XP level 3. HP: 24/24 MP: 3/3
   762 | D:1      | Gained mutation: You passively map a small area around you. [potion of mutation]
   764 | D:1      | Lost mutation: You passively map a small area around you. [potion of mutation]
   764 | D:1      | Gained mutation: You possess an exceptional clarity of mind. [potion of mutation]
   764 | D:1      | Gained mutation: Your muscles are strong. (Str +2) [potion of mutation]
  1918 | D:3      | Reached XP level 4. HP: 29/29 MP: 4/4
  1965 | D:3      | Noticed Terence
  2045 | D:3      | Slain by Terence

Skill      XL: |  1  2 |
---------------+-------+-----
Short Blades   | 4 |  4.9
Fighting       | |  1.7
Throwing       | |  2.0
Armour         | |  0.9
Dodging        | |  3.8

Action                   |  1- 3 |  4- 6 || total
-------------------------+-------+-------++-------
Melee: Rapier            |    57 |       ||    57
       Short sword       |    71 |    63 ||   134
  Use: Scroll            |     5 |       ||     5
       Potion            |     4 |       ||     4
  Eat: Chunk             |     3 |       ||     3
Armor: Leather armour    |    16 |    28 ||    44
Dodge: Dodged            |    82 |    34 ||   116
Block: Buckler           |     4 |    12 ||    16
